CLL
STOCKTON PORTS @ VISALIA METS
07/13/1982
 
TOP OF THE 1ST
Stockton Ports batting - Pitching for Lodi Crushers : RHP John Martinez
Pitching: RHP John Martinez
Batting: RHB Peter Reppucci 0-0: Called Strike
0-1: Bunt for hit to 15S - play at first, batter OUT! 1-3
Batting: SHB Mike Howard 0-0: Ball
1-0: Foul Ball, location: 2F
1-1: Fly out, F8 (Flyball, 8LD, EV 92.5 MPH)
Batting: SHB Bill D Doran 0-0: Foul Ball, location: 2F
0-1: Ball
1-1: Called Strike
1-2: Ball
2-2: Ball
3-2: SINGLE (Groundball, 34D, EV 103.1 MPH)
Batting: RHB Mark Jurena 0-0: Called Strike
0-1: Ball
1-1: Ball
2-1: Ball
3-1: Foul Ball, location: 2F
3-2: Fly out, F8 (Line Drive, 8LD, EV 91.3 MPH)
Top of the 1st over - 0 runs, 1 hit, 0 errors, 1 left on base; Stockton 0 - Lodi 0
BOTTOM OF THE 1ST
Lodi Crushers batting - Pitching for Stockton Ports : RHP Jim Parke
Pitching: RHP Jim Parke
Batting: LHB Eric Bullock 0-0: Ball
1-0: Ball
2-0: Ball
3-0: Called Strike
3-1: Base on Balls
Batting: RHB Julio Acevedo 0-0: Ball
1-0: Grounds into double play, 5-4-3 (Groundball, 56S, EV 85.0 MPH)
Batting: LHB Orlando Sanchez 0-0: Foul Ball, location: 2F
0-1: Swinging Strike
0-2: Strikes out swinging
Bottom of the 1st over - 0 runs, 0 hits, 0 errors, 0 left on base; Stockton 0 - Lodi 0
TOP OF THE 2ND
Stockton Ports batting - Pitching for Lodi Crushers : RHP John Martinez
Batting: RHB Erik Peterson 0-0: Ball
1-0: Fly out, F9 (Flyball, 9LSF, EV 85.6 MPH)
Batting: LHB Randy Guerra 0-0: Called Strike
0-1: Ball
1-1: Ball
2-1: Ground out 5-3 (Groundball, 56, EV 83.8 MPH)
Batting: SHB Pete Leppert 0-0: Swinging Strike
0-1: Called Strike
0-2: Strikes out swinging
Top of the 2nd over - 0 runs, 0 hits, 0 errors, 0 left on base; Stockton 0 - Lodi 0
BOTTOM OF THE 2ND
Lodi Crushers batting - Pitching for Stockton Ports : RHP Jim Parke
Batting: RHB Antonio Pilla 0-0: Foul Ball, location: 2F
0-1: Ball
1-1: Called Strike
1-2: Strikes out swinging
Batting: LHB Jeff Reed 0-0: Called Strike
0-1: Ball
1-1: Ball
2-1: Foul Ball, location: 2F
2-2: SINGLE (Groundball, 4D, EV 94.4 MPH)
Batting: RHB Joseph Soprano 0-0: Called Strike
0-1: Called Strike
0-2: Ball
1-2: Ball
2-2: Ball
3-2: Base on Balls
Jeff Reed to second
Batting: SHB Marlin Methven 0-0: Ball
1-0: Ball
2-0: Swinging Strike
2-1: Ball
3-1: Base on Balls
Jeff Reed to third
Joseph Soprano to second
Batting: LHB Michael Schoeller 0-0: Foul Ball, location: 2F
0-1: Ball
1-1: Foul Ball, location: 2F
1-2: Grounds into double play, 4-6-3 (Groundball, 4, EV 91.9 MPH)
Bottom of the 2nd over - 0 runs, 1 hit, 0 errors, 2 left on base; Stockton 0 - Lodi 0
TOP OF THE 3RD
Stockton Ports batting - Pitching for Lodi Crushers : RHP John Martinez
Batting: RHB Carlos Tirado 0-0: Ground out 4-3 (Groundball, 4M, EV 77.5 MPH)
Batting: RHB Danny Jasso 0-0: Ball
1-0: Foul Ball, location: 2F
1-1: Swinging Strike
1-2: Foul Ball, location: 2F
1-2: SINGLE (Groundball, 56D, EV 96.9 MPH)
Batting: RHB Peter Reppucci 0-0: Swinging Strike
Pickoff Throw by Catcher to First - Error! E2
Danny Jasso to second
0-1: Ball
1-1: Ball
2-1: Ground out 5-3 (Groundball, 56, EV 86.3 MPH)
Batting: SHB Mike Howard 0-0: Ground out 6-3 (Groundball, 6, EV 102.5 MPH)
Top of the 3rd over - 0 runs, 1 hit, 1 error, 1 left on base; Stockton 0 - Lodi 0
BOTTOM OF THE 3RD
Lodi Crushers batting - Pitching for Stockton Ports : RHP Jim Parke
Batting: RHB Cliff Wherry 0-0: Swinging Strike
0-1: Ball
1-1: Called Strike
1-2: SINGLE (Groundball, 6D, EV 99.4 MPH)
Batting: LHB Eric Bullock 0-0: Ball
Cliff Wherry steals 2nd base
1-0: SINGLE (Flyball, 7LS, EV 86.9 MPH)
Cliff Wherry to third
Batting: RHB Julio Acevedo 0-0: Swinging Strike
0-1: Swinging Strike
0-2: Ball
1-2: Foul Ball, location: 2F
1-2: Ball
2-2: SINGLE (Flyball, 89S, EV 90.0 MPH)
Cliff Wherry scores
Eric Bullock to second
Runner from 2nd tries for 3rd, SAFE, no throw by RF
Batting: LHB Orlando Sanchez 0-0: Foul Ball, location: 2F
0-1: Ball
1-1: Grounds into double play, 4-6-3 (Groundball, 4, EV 86.9 MPH)
Eric Bullock scores
Batting: RHB Antonio Pilla 0-0: Foul Ball, location: 2F
0-1: Ball
1-1: Ball
2-1: Fly out, F8 (Flyball, 8LD, EV 94.4 MPH)
Bottom of the 3rd over - 2 runs, 3 hits, 0 errors, 0 left on base; Stockton 0 - Lodi 2
TOP OF THE 4TH
Stockton Ports batting - Pitching for Lodi Crushers : RHP John Martinez
Batting: SHB Bill D Doran 0-0: Fly out, F7 (Flyball, 7LS, EV 75.0 MPH)
Batting: RHB Mark Jurena 0-0: Called Strike
0-1: Ball
1-1: Ball
2-1: Foul Ball, location: 2F
2-2: Foul Ball, location: 2F
2-2: Ball
3-2: Base on Balls
Batting: RHB Erik Peterson 0-0: Foul Ball, location: 2F
0-1: Ball
1-1: 2-RUN HOME RUN (Flyball, 7D, EV 92.5 MPH), Distance : 407 ft
Batting: LHB Randy Guerra 0-0: Ball
1-0: Foul Ball, location: 2F
1-1: Ball
2-1: Swinging Strike
2-2: SINGLE (Groundball, 4MD, EV 100.0 MPH)
Batting: SHB Pete Leppert 0-0: Ball
1-0: Ball
2-0: Called Strike
2-1: Ball
3-1: Called Strike
3-2: Foul Ball, location: 2F
3-2: Ground out 3-1 (Groundball, 3, EV 80.0 MPH)
Randy Guerra to second
Batting: RHB Carlos Tirado 0-0: Foul Ball, location: 2F
0-1: Called Strike
0-2: Foul Ball, location: 2F
0-2: Ball
1-2: SINGLE (Groundball, 6D, EV 103.8 MPH)
Randy Guerra to third
Runner from 3rd tries for Home, SAFE, no throw by CF
Batting: RHB Danny Jasso 0-0: Foul Ball, location: 2F
0-1: Called Strike
0-2: SINGLE (Line Drive, 56, EV 96.3 MPH)
Carlos Tirado to second
Batting: RHB Peter Reppucci 0-0: Called Strike
0-1: Foul Ball, location: 2F
0-2: Foul Ball, location: 2F
0-2: Ball
1-2: Foul Ball, location: 2F
1-2: SINGLE (Groundball, 56D, EV 103.1 MPH)
Carlos Tirado to third
Danny Jasso to second
Runner from 3rd tries for Home, SAFE, throw by LF to home
Danny Jasso to third
Peter Reppucci to second
Batting: SHB Mike Howard 0-0: Ball
1-0: SINGLE (Groundball, 56D, EV 97.5 MPH)
Danny Jasso scores
Peter Reppucci to third
Runner from 3rd tries for Home, SAFE, throw by LF to home
Pitching: RHP Yonis Rodriguez
Batting: SHB Bill D Doran 0-0: Fly out, F7 (Flyball, 7LMF, EV 90.6 MPH)
Top of the 4th over - 6 runs, 6 hits, 0 errors, 1 left on base; Stockton 6 - Lodi 2
BOTTOM OF THE 4TH
Lodi Crushers batting - Pitching for Stockton Ports : RHP Jim Parke
Batting: LHB Jeff Reed 0-0: Ball
1-0: Ball
2-0: Foul Ball, location: 2F
2-1: Ball
3-1: Foul Ball, location: 2F
3-2: DOUBLE (Groundball, 3L, EV 107.5 MPH)
Batting: RHB Joseph Soprano 0-0: Ball
1-0: Ball
2-0: Called Strike
2-1: Fly out, F9 (Flyball, 9LS, EV 93.1 MPH)
Batting: SHB Marlin Methven 0-0: Ball
1-0: Fly out, F6 (Line Drive, 6, EV 61.9 MPH)
Batting: LHB Michael Schoeller 0-0: Foul Ball, location: 2F
0-1: Foul Ball, location: 2F
0-2: Ball
1-2: Foul Ball, location: 2F
1-2: Foul Ball, location: 2F
1-2: Fly out, F8 (Flyball, 89M, EV 91.9 MPH)
Bottom of the 4th over - 0 runs, 1 hit, 0 errors, 1 left on base; Stockton 6 - Lodi 2
TOP OF THE 5TH
Stockton Ports batting - Pitching for Lodi Crushers : RHP Yonis Rodriguez
Batting: RHB Mark Jurena 0-0: Fly out, F9 (Flyball, 9LM, EV 89.4 MPH)
Batting: RHB Erik Peterson 0-0: Fly out, F7 (Flyball, 7, EV 86.9 MPH)
Batting: LHB Randy Guerra 0-0: Ball
1-0: Swinging Strike
1-1: Called Strike
1-2: Ball
2-2: SINGLE (Groundball, 3, EV 78.8 MPH) (infield hit)
Batting: SHB Pete Leppert 0-0: Ball
1-0: SINGLE (Groundball, 4D, EV 96.3 MPH)
Randy Guerra to second
Runner from 2nd tries for 3rd, SAFE, no throw by RF
Batting: RHB Carlos Tirado 0-0: Fly out, F9 (Flyball, 89M, EV 89.4 MPH)
Top of the 5th over - 0 runs, 2 hits, 0 errors, 2 left on base; Stockton 6 - Lodi 2
BOTTOM OF THE 5TH
Lodi Crushers batting - Pitching for Stockton Ports : RHP Jim Parke
Batting: RHB Cliff Wherry 0-0: SINGLE (Groundball, 4MD, EV 100.6 MPH)
Batting: LHB Eric Bullock 0-0: Called Strike
0-1: Ball
Wild Pitch!
Cliff Wherry to second
1-1: SINGLE (Line Drive, 34, EV 94.4 MPH)
Cliff Wherry to third
Runner from 3rd tries for Home, SAFE, throw by RF to home
Batting: RHB Julio Acevedo 0-0: Ball
1-0: Ball
2-0: Called Strike
2-1: Ball
3-1: Foul Ball, location: 2F
3-2: Foul Ball, location: 2F
3-2: Strikes out swinging
Batting: LHB Orlando Sanchez 0-0: Ball
1-0: Ball
2-0: Fly out, F6 (Popup, 4MS, EV 72.5 MPH)
Batting: RHB Antonio Pilla 0-0: Ball
1-0: Fly out, F9 (Flyball, 9S, EV 87.5 MPH)
Bottom of the 5th over - 1 run, 2 hits, 0 errors, 1 left on base; Stockton 6 - Lodi 3
TOP OF THE 6TH
Stockton Ports batting - Pitching for Lodi Crushers : RHP Yonis Rodriguez
Batting: RHB Danny Jasso 0-0: Called Strike
0-1: Ball
1-1: Called Strike
1-2: Fly out, F6 (Popup, P, EV 71.9 MPH)
Batting: RHB Peter Reppucci 0-0: Fly out, F8 (Flyball, 8RS, EV 85.0 MPH)
Batting: SHB Mike Howard 0-0: Called Strike
0-1: Ball
1-1: Ball
2-1: Ball
3-1: Foul Ball, location: 2F
3-2: Foul Ball, location: 2F
3-2: Base on Balls
Batting: SHB Bill D Doran 0-0: Called Strike
0-1: Ball
1-1: Ball
2-1: Fly out, F9 (Flyball, 9LM, EV 98.8 MPH)
Top of the 6th over - 0 runs, 0 hits, 0 errors, 1 left on base; Stockton 6 - Lodi 3
BOTTOM OF THE 6TH
Lodi Crushers batting - Pitching for Stockton Ports : RHP Jim Parke
Batting: LHB Jeff Reed 0-0: Ball
1-0: Ball
2-0: Called Strike
2-1: Ball
3-1: Called Strike
3-2: Foul Ball, location: 2F
3-2: Ground out 4-3 (Groundball, 4S, EV 90.6 MPH)
Batting: RHB Joseph Soprano 0-0: Called Strike
0-1: Ball
1-1: Ball
2-1: Foul Ball, location: 2F
2-2: Ball
3-2: Strikes out looking
Batting: SHB Marlin Methven 0-0: Called Strike
0-1: Foul Ball, location: 2F
0-2: Ball
1-2: Ball
2-2: Ball
3-2: Foul Ball, location: 2F
3-2: SINGLE (Groundball, 4D, EV 103.1 MPH)
Batting: LHB Michael Schoeller 0-0: Foul Ball, location: 2F
0-1: SINGLE (Flyball, 9LS, EV 93.1 MPH)
Marlin Methven to second
Runner from 2nd tries for 3rd, SAFE, no throw by RF
Batting: RHB Cliff Wherry 0-0: Ball
1-0: Called Strike
1-1: Foul Ball, location: 2F
1-2: Fly out, F4 (Popup, 13, EV 84.4 MPH)
Bottom of the 6th over - 0 runs, 2 hits, 0 errors, 2 left on base; Stockton 6 - Lodi 3
TOP OF THE 7TH
Stockton Ports batting - Pitching for Lodi Crushers : RHP Yonis Rodriguez
Batting: RHB Mark Jurena 0-0: Called Strike
0-1: Foul Ball, location: 2F
0-2: Ball
1-2: Ball
2-2: Ball
3-2: Strikes out swinging
Batting: RHB Erik Peterson 0-0: Ground out 5-3 (Groundball, 56, EV 108.1 MPH)
Batting: LHB Randy Guerra 0-0: Ball
1-0: Ball
2-0: Called Strike
2-1: Foul Ball, location: 2F
2-2: Fly out, F6 (Popup, 4M, EV 51.3 MPH)
Top of the 7th over - 0 runs, 0 hits, 0 errors, 0 left on base; Stockton 6 - Lodi 3
BOTTOM OF THE 7TH
Lodi Crushers batting - Pitching for Stockton Ports : RHP Jim Parke
Batting: LHB Eric Bullock 0-0: Ground out U3 (Groundball, 3, EV 86.3 MPH)
Batting: RHB Julio Acevedo 0-0: Ball
1-0: Ball
2-0: Called Strike
2-1: Foul Ball, location: 2F
2-2: Ground out 4-3 (Groundball, 4, EV 100.6 MPH)
Batting: LHB Orlando Sanchez 0-0: Foul Ball, location: 2F
0-1: SINGLE (Line Drive, 6MD, EV 105.6 MPH)
Batting: RHB Antonio Pilla 0-0: Ball
1-0: Fly out, F7 (Flyball, 7S, EV 84.4 MPH)
Bottom of the 7th over - 0 runs, 1 hit, 0 errors, 1 left on base; Stockton 6 - Lodi 3
TOP OF THE 8TH
Stockton Ports batting - Pitching for Lodi Crushers : RHP Yonis Rodriguez
Batting: SHB Pete Leppert 0-0: Called Strike
0-1: Called Strike
0-2: Ball
1-2: Foul Ball, location: 2F
1-2: Ball
2-2: Foul Ball, location: 2F
2-2: Foul Ball, location: 2F
2-2: Foul Ball, location: 2F
2-2: Strikes out swinging, 2-3 out at first.
Batting: RHB Carlos Tirado 0-0: Fly out, F6 (Popup, 6MS, EV 75.6 MPH)
Batting: RHB Danny Jasso 0-0: Ball
1-0: Ball
2-0: Fly out, F9 (Line Drive, 9D, EV 93.8 MPH)
Top of the 8th over - 0 runs, 0 hits, 0 errors, 0 left on base; Stockton 6 - Lodi 3
BOTTOM OF THE 8TH
Lodi Crushers batting - Pitching for Stockton Ports : RHP Jim Parke
Batting: LHB Jeff Reed 0-0: Called Strike
0-1: Called Strike
0-2: Ball
1-2: Ball
2-2: Ball
3-2: Base on Balls
Batting: RHB Joseph Soprano 0-0: Ball
1-0: Ball
2-0: TRIPLE (Flyball, 8LXD, EV 109.4 MPH)
Jeff Reed scores
Pitching: RHP Richard Cooper
Batting: SHB Marlin Methven 0-0: Ball
1-0: Foul Ball, location: 2F
1-1: Ball
2-1: Ball
3-1: SINGLE (Line Drive, 5D, EV 94.4 MPH)
Joseph Soprano scores
Batting: LHB Michael Schoeller 0-0: Fielders Choice at 2nd, 6-4 (Groundball, 56, EV 100.6 MPH)
Batting: RHB Cliff Wherry 0-0: Foul Ball, location: 2F
0-1: Ball
1-1: SINGLE (Groundball, 56D, EV 105.0 MPH)
Michael Schoeller to second
Batting: LHB Eric Bullock 0-0: Foul Ball, location: 2F
0-1: Ball
1-1: Ball
2-1: Foul Ball, location: 2F
2-2: Ball
3-2: Base on Balls
Michael Schoeller to third
Cliff Wherry to second
Batting: RHB Julio Acevedo 0-0: Called Strike
0-1: Ball
1-1: Foul Ball, location: 2F
1-2: Fly out, F7 (Line Drive, 7, EV 104.4 MPH)
Runner from 3rd tags up, SCORES, throw by LF
Cliff Wherry to third
Batting: LHB Orlando Sanchez 0-0: Swinging Strike
0-1: Fly out, F7 (Flyball, 7D, EV 90.6 MPH)
Bottom of the 8th over - 3 runs, 3 hits, 0 errors, 2 left on base; Stockton 6 - Lodi 6
TOP OF THE 9TH
Stockton Ports batting - Pitching for Lodi Crushers : RHP Yonis Rodriguez
Batting: RHB Peter Reppucci 0-0: Called Strike
0-1: Foul Ball, location: 2F
0-2: Ball
1-2: Ball
2-2: Ground out 3-1 (Groundball, 34, EV 86.3 MPH)
Pinch Hitting: RHB David Green 0-0: Fly out, F8 (Line Drive, 8LM, EV 94.4 MPH)
Batting: SHB Bill D Doran 0-0: Ball
1-0: Ball
2-0: Called Strike
2-1: Ball
3-1: Base on Balls
Pitching: LHP Cesar Maldonado
Batting: RHB Mark Jurena 0-0: Ball
1-0: Ball
Bill D Doran is caught stealing 2nd base 2-4
Top of the 9th over - 0 runs, 0 hits, 0 errors, 0 left on base; Stockton 6 - Lodi 6
BOTTOM OF THE 9TH
Lodi Crushers batting - Pitching for Stockton Ports : RHP Richard Cooper
Now in CF: David Green
Batting: RHB Antonio Pilla 0-0: Called Strike
0-1: Ground out 3-1 (Groundball, 34, EV 78.1 MPH)
Batting: LHB Jeff Reed 0-0: DOUBLE (Flyball, 89D, EV 97.5 MPH)
Batting: RHB Joseph Soprano 0-0: Ball
1-0: Ball
2-0: Ball
3-0: Called Strike
3-1: 2-RUN HOME RUN (Flyball, 9D, EV 105.6 MPH), Distance : 380 ft
Friday, August 14th, 2020 - OOTP Baseball 21.5 Build 76